 Dungeon Crawl Stone Soup version 0.23-a0-269-g65e0026 (webtiles) character file.

67725 Irenicus the Earth Mage (level 14, -9/171 HPs)
             Began as a Deep Dwarf Earth Elementalist on Sept 30, 2018.
             Was the Champion of Makhleb.
             Mangled by Polyphemus (20 damage)
             ... on level 2 of the Shoals.
             The game lasted 02:41:02 (11552 turns).

Irenicus the Earth Mage (DDEE)                     Turns: 11552, Time: 02:41:04

Health: -9/171     AC: 27    Str: 12    XL:     14   Next: 84%
Magic:  24/31      EV:  2    Int: 21    God:    Makhleb [******]
Gold:   1178       SH:  5    Dex: 13    Spells: 14/31 levels left

rFire    . . .     SeeInvis .   q - +1 rapier (elec)
rCold    . . .     Gourm    .   Z - +0 buckler
rNeg     + + +     Faith    .   (armour currently unavailable)
rPois    +         Spirit   .   (helmet currently unavailable)
rElec    .         Reflect  .   (cloak currently unavailable)
rCorr    .         Harm     .   (gloves currently unavailable)
MR       ++...     NoTele   +   (boots currently unavailable)
Stlth    ++++......             n - amulet of magic regeneration
HPRegen  0.00/turn              f - ring of magical power {MP+9}
MPRegen  0.47/turn              X - ring of poison resistance {rPois, !d}

@: tree-form, mesmerised, non-regenerating
A: damage resistance, heal wounds, negative energy resistance 1, sense
surroundings 2, no regeneration
a: Heal Wounds, Minor Destruction, Lesser Servant of Makhleb, Major Destruction,
Greater Servant of Makhleb, Renounce Religion


You were on level 2 of the Shoals.
You worshipped Makhleb.
Makhleb was exalted by your worship.
You were very hungry.
You were a tree.
You visited 5 branches of the dungeon, and saw 21 of its levels.
You also visited: Ossuary and Ice Cave.

You collected 1178 gold pieces.

Inventory:

Hand Weapons
 q - a +1 rapier of electrocution (weapon)
   (You took it off a merfolk aquamancer on level 2 of the Shoals)
 w - a +0 dagger of draining
   (You took it off an orc on level 9 of the Dungeon)
Missiles
 b - 362 stones (quivered)
 F - 5 tomahawks of dispersal {=f}
Armour
 A - a +0 cloak (melded)
   (You found it on level 6 of the Dungeon)
 Q - a +2 troll leather armour (melded) {Snorg}
   (You found it on level 4 of the Lair of Beasts)
 Z - a +0 buckler (worn)
   (You found it on level 1 of the Shoals)
Magical Staves
 x - an uncursed staff of power {MP+17, !a}
   (You found it on level 8 of the Dungeon)
 y - an uncursed staff of death {rN+}
   (You found it on level 4 of the Dungeon)
Jewellery
 a - an uncursed ring of stealth {Stlth+}
   (You found it on level 3 of the Lair of Beasts)
 f - a ring of magical power (left branch) {MP+9}
   (You found it on level 3 of the Dungeon)
 n - an amulet of magic regeneration (around neck)
   (You found it on level 1 of the Dungeon)
 u - an uncursed ring of ice {rC+, rF-}
   (You found it on level 9 of the Dungeon)
 B - an uncursed ring of positive energy {rN+}
   (You found it on level 9 of the Dungeon)
 T - an uncursed ring of fire {rF+, rC-}
   (You found it on level 6 of the Lair of Beasts)
 W - an uncursed ring of wizardry {Wiz+, !d}
   (You found it on level 6 of the Lair of Beasts)
 X - a ring of poison resistance (right branch) {rPois, !d}
   (You took it off a centaur on level 3 of the Lair of Beasts)
Wands
 v - a wand of flame (31)
   (You found it on level 9 of the Dungeon)
 C - a wand of polymorph (25)
   (You found it on level 8 of the Dungeon)
 D - a wand of iceblast (5)
   (You found it on level 9 of the Dungeon)
 H - a wand of digging (13)
   (You took it off an orc wizard on level 8 of the Dungeon)
 I - a wand of paralysis (30)
   (You found it on level 1 of the Lair of Beasts)
Scrolls
 h - 2 scrolls of blinking {!r}
 i - 14 scrolls of remove curse
 k - a scroll of acquirement
 l - 2 scrolls of teleportation
 m - 4 scrolls of enchant weapon
 s - 3 scrolls of immolation {!r}
 G - a scroll of magic mapping {!r}
 J - 3 scrolls of summoning
 O - a scroll of holy word {!r}
 P - 3 scrolls of enchant armour
 S - a scroll of vulnerability {!r!r}
 Y - a scroll of fog
Potions
 c - 5 potions of brilliance
 e - a potion of agility
 g - a potion of flight
 o - 7 potions of might
 p - 5 potions of mutation {!q}
 r - a potion of resistance
 t - 2 potions of haste
 E - a potion of berserk rage {!q}
 L - 2 potions of magic
 M - a potion of ambrosia
 N - a potion of curing
Miscellaneous
 K - a fan of gales (inert)
   (You found it on level 3 of the Lair of Beasts)
 V - a phial of floods (inert)
   (You found it on level 6 of the Lair of Beasts)
Comestibles
 d - 30 rations


   Skills:
 - Level 4.0 Fighting
 - Level 2.4 Short Blades
 + Level 9.5 Dodging
 - Level 9.0 Stealth
 - Level 5.7 Shields
 - Level 9.0 Spellcasting
 - Level 4.2 Conjurations
 - Level 4.1 Translocations
 - Level 10.3 Transmutations
 - Level 16.1 Earth Magic
 - Level 12.0 Invocations
 - Level 7.5 Evocations


You had 14 spell levels left.
You knew the following spells:

 Your Spells              Type           Power        Failure   Level  Hunger
a - Sandblast             Erth           ######       0%          1    None
b - Passwall              Tmut/Erth      ######..     1%          2    None
c - Stone Arrow           Conj/Erth      ######       1%          3    None
d - Petrify               Tmut/Erth      ######..     1%          4    ###....
r - Blink                 Tloc           N/A          1%          2    None
z - Lee's Rapid Deconstr  Erth           ######....   1%          5    #####..

Your spell library contained the following spells:

 Spells                   Type           Power        Failure   Level  Hunger
 Magic Dart               Conj           ####         1%          1    None
 Ignite Poison            Fire/Tmut/Pois ###.....     5%          3    None
 Animate Skeleton         Necr           N/A          7%          1    None
 Pain                     Necr           #...         7%          1    None
 Conjure Flame            Conj/Fire      ###.....     9%          3    None
 Call Imp                 Summ           #.......     11%         2    None
 Slow                     Hex            #.......     11%         2    None
 Mephitic Cloud           Conj/Pois/Air  ###.....     12%         3    None
 Vampiric Draining        Necr           #.........   22%         3    None
 Animate Dead             Necr           N/A          56%         4    ###....
 Fireball                 Conj/Fire      ###.......   63%         5    #####..
 Bolt of Fire             Conj/Fire      ###.......   99%         6    ######.
 Ring of Flames           Chrm/Fire      #.........   100%        7    #######
 Ignition                 Fire           #.........   100%        8    #######
 Regeneration             Chrm/Necr      Unusable     N/A         3    N/A

Dungeon Overview and Level Annotations

Branches:
Dungeon (11/15)            Temple (1/1) D:4            Lair (6/6) D:8
 Shoals (2/4) Lair:3        Snake (1/4) Lair:3        Slime (0/5) Lair:5
    Orc (0/2) D:9

Altars:
Ashenzari
Cheibriados
Dithmenos
Elyvilon
Gozag
Hepliaklqana
Kikubaaqudgha
Makhleb
Nemelex Xobeh
Qazlal
Ru
Trog
Wu Jian
Xom
Yredelemnul
Zin
The Shining One
Beogh

Annotations:
D:7 Harold
Lair:3 exclusion: downstairs
Lair:5 3 runed doors, Xeddua's ghost, journeyman MiBe
Shoals:2 Polyphemus


Innate Abilities, Weirdness & Mutations

You are resistant to damage.
You can heal yourself by infusing magical energy.
You resist negative energy. (rN+)
You passively map the area around you.
You do not regenerate.


Message History

The death yak resists with almost no effort.
The death yak gores you but does no damage.
The merfolk siren chants its luring song.
Polyphemus hits the merfolk siren.
Polyphemus hits the merfolk siren!
Polyphemus throws the death yak at you! The death yak barely misses you.
The merfolk siren chants its luring song.
The death yak gores you!
* * * LOW HITPOINT WARNING * * *
You take 13 damage, and have 29/171 hp.
You now have 25/33 mp.
You feel much better.
The death yak gores you but does no damage.
The merfolk siren hits Polyphemus with a trident!
Polyphemus hits you but does no damage. Polyphemus completely misses you.
Polyphemus barely misses the merfolk siren.
Polyphemus hits the merfolk siren!
The death yak gores you but does no damage.
The merfolk siren chants its luring song.
The death yak gores you but does no damage.
You regained 31 hp, and now have 60/171 hp.
Aim: a merfolk siren, wielding a trident (mesmerising, chance to defeat MR: The merfolk siren resists with some effort.
You are feeling very hungry.
Polyphemus shimmers and vanishes!
The death yak gores you!
* * * LOW HITPOINT WARNING * * *
The merfolk siren chants its luring song.
Polyphemus hits you but does no damage. x2
The death yak gores you but does no damage.
You block the merfolk siren's attack. The death yak gores you!
* * * LOW HITPOINT WARNING * * *
You take 21 damage, and have 39/171 hp.
You now have 22/33 mp.
A demon appears!
The death yak gores you but does no damage.
Polyphemus hits you.
* * * LOW HITPOINT WARNING * * *
Polyphemus hits you.
* * * LOW HITPOINT WARNING * * *
The merfolk siren chants its luring song.
The death yak gores you!
* * * LOW HITPOINT WARNING * * *
The death yak gores you but does no damage.
The merfolk siren chants its luring song.
You take 24 damage, and have 15/171 hp.
Okay, then.
Your magical essence is drained by the effort!
You feel much better. The death yak gores you.
The merfolk siren chants its luring song.
Polyphemus hits you!!
* * * LOW HITPOINT WARNING * * *
Polyphemus hits you but does no damage.
The death yak gores you but does no damage.
The death yak gores you!
* * * LOW HITPOINT WARNING * * *
The merfolk siren chants its luring song.
Your green death hits Polyphemus!
You feel much better. The death yak gores you.
* * * LOW HITPOINT WARNING * * *
Polyphemus hits you!!
* * * LOW HITPOINT WARNING * * *
Polyphemus hits you.
* * * LOW HITPOINT WARNING * * *
The merfolk siren hits your green death with a trident!
The death yak gores you but does no damage. x2
The merfolk siren chants its luring song.
Your green death hits Polyphemus!
Your magical essence is drained by the effort!
You feel much better.
The death yak gores you but does no damage.
Polyphemus hits you!
* * * LOW HITPOINT WARNING * * *
Polyphemus hits you!
* * * LOW HITPOINT WARNING * * *
The death yak gores you but does no damage.
The merfolk siren barely misses your green death.
The merfolk siren chants its luring song.
The death yak gores you but does no damage.
Your green death gestures at Polyphemus.
The poison arrow hits Polyphemus.
Polyphemus looks as sick as possible!
You regained 8 hp, and now have 25/171 hp.
Unknown command.
You hit Polyphemus but do no damage. Lightning courses through Polyphemus!
You block the death yak's attack. You block Polyphemus's attack.
Polyphemus hits you but does no damage. The death yak barely misses you.
The merfolk siren hits your green death with a trident!!
You block the death yak's attack.
The merfolk siren chants its luring song.
Your green death gestures at the merfolk siren.
The bolt of poison hits the merfolk siren.
The merfolk siren is poisoned.
The merfolk siren dies!
Makhleb accepts your kill.
Aim: a merfolk siren, wielding a trident (mesmerising)
Okay, then.
Aim: Polyphemus (severely wounded, poisoned)
The blast of sand hits Polyphemus.
b - 362 stones The death yak gores you!
* * * LOW HITPOINT WARNING * * *
Polyphemus hits you!!
You die...

....# * *≈ ≈ ,, #..≈≈≈§≈≈≈≈≈..≈
...## 8 , , ≈ #≈≈≈≈§(≈≈≈m....
..## , ,,, ##..≈Y≈(≈....... ..#
≈*##...§..(m....... ..##* ,,
##≈.##....##...... ...## ,,≈
##.≈............≈.≈ ....##** * *
##.m..)...........≈≈
.....#########.Y.C2.............≈
...............†♣...............≈
................YY...............
.................................
.................................
...........................≈≈≈...
................(.........≈≈≈.≈..
.........................≈≈≈≈≈...
........................≈≈≈≈≈≈≈..
.....>.......≈≈≈.......≈≈≈≈≈≈≈≈≈≈


You could see Polyphemus, 3 death yaks, a merfolk siren and a friendly green
death.

Vanquished Creatures
  A dire elephant (Lair:6)
  Snorg (Lair:4)
  A merfolk javelineer (Shoals:1)
  A merfolk impaler (Shoals:1)
  5 hydras
  An anaconda (Lair:6)
  3 merfolk aquamancers (Shoals:2)
  2 two-headed ogres
  2 catoblepae
  4 death yaks (Lair:3)
  A fire crab (Lair:6)
  2 sea snakes (Shoals:1)
  11 harpies
  A necromancer (IceCv)
  4 fauns
  Pikel (D:8)
  5 oklob plants (Lair:5)
  14 spiny frogs
  11 elephants
  A gargoyle (D:8)
  3 ice statues (IceCv)
  2 merfolk sirens
  Joseph (D:7)
  6 black mambas
  6 rime drakes
  4 komodo dragons
  2 trolls
  6 merfolk
  9 ice devils (IceCv)
  A hornet (D:10)
  Prince Ribbit (D:5)
  12 blink frogs
  6 hippogriffs
  2 snapping turtles (Shoals:1)
  A spriggan (D:10)
  52 yaks
  5 basilisks
  A human (D:10)
  4 nagas (Lair:3)
  9 water moccasins
  12 porcupines
  3 black bears
  9 orc warriors
  4 ice beasts
  A sky beast (D:6)
  9 ogres
  5 wolves (Lair:4)
  4 necrophages
  10 centaurs
  15 crocodiles
  8 bullfrogs
  A water moccasin zombie (D:9)
  2 scorpions
  3 killer bees (D:10)
  An electric eel (Lair:1)
  4 crimson imps
  3 howler monkeys (D:7)
  11 centaur zombies
  A draconian simulacrum (IceCv)
  3 bullfrog zombies
  4 orc priests
  4 hounds
  A bullfrog skeleton (D:7)
  A centaur skeleton (D:7)
  8 orc wizards
  7 worker ants
  An iguana (D:10)
  A spriggan simulacrum (IceCv)
  3 troll simulacra (IceCv)
  3 centaur simulacra (IceCv)
  2 hound zombies
  3 hound skeletons
  3 howler monkey zombies
  13 mummies (Ossuary)
  A worker ant zombie (D:7)
  9 adders
  A naga simulacrum (IceCv)
  An ogre simulacrum (IceCv)
  A shadow imp (D:9)
  5 adder zombies
  An adder skeleton (D:9)
  3 worms
  3 dart slugs
  A leopard gecko (D:2)
  73 orcs
  A ball python (D:1)
  11 bats
  3 giant cockroaches
  3 hobgoblins
  14 jackals
  4 kobolds (D:2)
  6 quokkas
  2 frilled lizards
  A giant cockroach zombie (Ossuary)
  5 goblins
  A leopard gecko skeleton (D:6)
  4 leopard gecko zombies
  2 quokka skeletons
  A quokka zombie (Ossuary)
  10 rats
  A fungus (Lair:2)
  4 plants
540 creatures vanquished.

Vanquished Creatures (collateral kills)
  A merfolk avatar (Shoals:2)
  3 merfolk aquamancers (Shoals:2)
  A merfolk siren (Shoals:2)
  A water nymph (Shoals:2)
6 creatures vanquished.

Vanquished Creatures (others)
  3 slaves (D:8)
  An adder skeleton (D:10)
  An orc (D:8)
  12 fungi
  12 plants
  4 tentacles (Shoals:1)
33 creatures vanquished.

Grand Total: 579 creatures vanquished

Notes
Turn   | Place    | Note
-------+----------+-------------------------------------------
     0 | D:1      | Irenicus the Deep Dwarf Earth Elementalist began the quest
                  | for the Orb.
     0 | D:1      | Reached XP level 1. HP: 15/15 MP: 3/3
   267 | D:2      | Reached XP level 2. HP: 20/22 MP: 1/4
   275 | D:2      | Reached skill level 5 in Earth Magic
   345 | D:2      | Learned a level 2 spell: Passwall
   452 | D:2      | Reached XP level 3. HP: 23/28 MP: 0/5
   472 | D:2      | Reached skill level 6 in Earth Magic
   653 | D:1      | Reached XP level 4. HP: 23/36 MP: 3/6
   935 | D:2      | Reached skill level 7 in Earth Magic
  1018 | D:3      | Found a faded altar of an unknown god.
  1086 | D:3      | HP: 8/36 [orc wizard/puff of flame (9)]
  1127 | D:3      | HP: 7/36 [adder (1)]
  1129 | D:3      | Reached XP level 5. HP: 9/42 MP: 3/7
  1152 | D:3      | HP: 4/42 [worm (5)]
  1236 | D:3      | Learned a level 3 spell: Stone Arrow
  1412 | D:4      | Noticed an ogre
  1440 | D:4      | Killed an ogre
  1440 | D:4      | Reached skill level 2 in Spellcasting
  1440 | D:4      | Reached skill level 8 in Earth Magic
  1447 | D:4      | Found a staircase to the Ecumenical Temple.
  1453 | Temple   | Entered the Ecumenical Temple
  1497 | Temple   | Became a worshipper of Makhleb the Destroyer
  1630 | D:4      | Found a sand-covered staircase.
  1640 | Ossuary  | Entered an ossuary
  1651 | Ossuary  | Reached XP level 6. HP: 24/49 MP: 7/9
  1683 | Ossuary  | Reached skill level 3 in Spellcasting
  1721 | Ossuary  | Irenicus: ?? holy wrath
  1721 | Ossuary  | beem: holy wrath[1/1]: Increases damage by 75% on average
                  | against undead and demons. These folks also cannot wield
                  | it. Does not hate evil creatures which are not undead or
                  | demons. This means that holy wrath is ineffective against
                  | hell knights, and some worshippers of evil gods can wield
                  | it.
  1748 | Ossuary  | Reached skill level 9 in Earth Magic
  1752 | Ossuary  | Reached skill level 1 in Conjurations
  1774 | Ossuary  | Reached XP level 7. HP: 18/55 MP: 1/11
  1786 | Ossuary  | Reached * piety under Makhleb
  1791 | Ossuary  | HP: 12/55 [centaur zombie (4)]
  1793 | Ossuary  | Reached skill level 2 in Conjurations
  1892 | Ossuary  | Reached skill level 3 in Conjurations
  2078 | D:4      | Found a stormy altar of Qazlal.
  2097 | D:4      | Reached skill level 4 in Conjurations
  2224 | D:5      | Entered Level 5 of the Dungeon
  2411 | D:5      | Reached XP level 8. HP: 62/62 MP: 13/13
  2426 | D:5      | Noticed Prince Ribbit
  2427 | D:5      | Found a glowing golden altar of the Shining One.
  2432 | D:5      | Killed Prince Ribbit
  2432 | D:5      | Reached skill level 4 in Spellcasting
  2564 | D:5      | Learned a level 5 spell: Lee's Rapid Deconstruction
  2569 | D:5      | Learned a level 4 spell: Petrify
  2591 | D:6      | Found a white marble altar of Elyvilon.
  2603 | D:6      | Reached skill level 5 in Spellcasting
  2682 | D:6      | Reached skill level 6 in Spellcasting
  2775 | D:6      | Reached ** piety under Makhleb
  2815 | D:6      | Learned a level 2 spell: Blink
  2818 | D:6      | Reached skill level 1 in Transmutations
  3176 | D:7      | Reached skill level 2 in Transmutations
  3238 | D:7      | Found a sacrificial altar of Ru.
  3281 | D:7      | Noticed Joseph
  3288 | D:7      | Killed Joseph
  3288 | D:7      | Reached skill level 2 in Translocations
  3288 | D:7      | Reached skill level 10 in Earth Magic
  3288 | D:7      | Gained mutation: You passively map the area around you.
                  | [Deep Dwarf growth]
  3288 | D:7      | Reached XP level 9. HP: 40/68 MP: 0/18
  3293 | D:7      | Reached skill level 3 in Translocations
  3352 | D:7      | Noticed Harold
  3387 | D:7      | Reached skill level 11 in Earth Magic
  3387 | D:7      | Reached skill level 4 in Translocations
  3544 | D:7      | Irenicus: ?? petrify
  3544 | D:7      | beem: petrify[1/5]: Turns the target to stone after a brief
                  | period of slowness. While it's petrified it takes a lot
                  | less damage but can't do anything. Lv. 4 Tmut/Earth, in the
                  | books of Hinderance, Geomancy, and Alchemy.
  3544 | D:7      | Irenicus: ?? petrify [2
  3544 | D:7      | beem: petrify[2/5]: Player: Immune: gargoyles, Zin's
                  | Vitalisation, statue form or wisp form. Both: LRDable.
                  | Petrifying: 2x shatter dam b4.AC, 2/3 damage af.AC, half EV
                  | and 1.5x slow for 30 auts or until re-applied. Petrified:
                  | 4x shatter dam b4.AC, helpless(2-size) EV, 1/2 damage
                  | af.AC, nonliving, rTorment, rPois, rN+++, rRot+++ for
                  | 60+1d40 auts unextendable.
  3590 | D:7      | HP: 7/68 [acid (11)]
  3632 | D:7      | HP: 8/68 [Harold/battleaxe of flaming (16)]
  3724 | D:8      | Reached skill level 3 in Transmutations
  3731 | D:8      | Reached skill level 4 in Transmutations
  3759 | D:8      | Noticed Pikel
  3761 | D:8      | Killed Pikel
  3761 | D:8      | Reached skill level 5 in Transmutations
  3793 | D:8      | Noticed a komodo dragon
  3800 | D:8      | Noticed a two-headed ogre
  3801 | D:8      | Killed a komodo dragon
  3801 | D:8      | Reached skill level 6 in Transmutations
  3875 | D:9      | Reached skill level 3 in Stealth
  3876 | D:9      | Reached skill level 4 in Stealth
  3876 | D:9      | Reached XP level 10. HP: 72/75 MP: 7/18
  3894 | D:9      | Reached skill level 5 in Stealth
  3927 | D:9      | Reached skill level 6 in Stealth
  3950 | D:9      | Reached *** piety under Makhleb
  4049 | D:9      | Reached skill level 7 in Stealth
  4221 | D:9      | Reached skill level 8 in Stealth
  4266 | D:9      | Found a roughly hewn altar of Beogh.
  4391 | D:9      | Found a staircase to the Orcish Mines.
  4402 | D:9      | Reached skill level 9 in Stealth
  4466 | D:9      | Reached skill level 1 in Fighting
  4470 | D:9      | Reached skill level 3 in Dodging
  4484 | D:9      | Reached **** piety under Makhleb
  4484 | D:9      | Reached skill level 2 in Fighting
  4584 | D:9      | Reached skill level 4 in Dodging
  4654 | D:10     | Entered Level 10 of the Dungeon
  4656 | D:10     | Reached skill level 3 in Fighting
  4717 | D:10     | Reached skill level 5 in Dodging
  4820 | D:10     | Reached skill level 6 in Dodging
  4839 | D:10     | Reached XP level 11. HP: 90/90 MP: 15/19
  4955 | D:10     | Reached skill level 7 in Dodging
  5111 | D:10     | Reached skill level 1 in Short Blades
  5128 | D:10     | Reached ***** piety under Makhleb
  5251 | D:10     | Reached skill level 1 in Invocations
  5327 | D:11     | Noticed a two-headed ogre
  5338 | D:11     | Killed a two-headed ogre
  5338 | D:11     | Reached skill level 2 in Short Blades
  5338 | D:11     | Reached skill level 2 in Invocations
  5360 | D:10     | Reached skill level 3 in Invocations
  5406 | D:8      | Found a staircase to the Lair.
  5429 | D:8      | Killed a two-headed ogre
  5429 | D:8      | Reached skill level 7 in Spellcasting
  5429 | D:8      | Reached skill level 4 in Invocations
  5692 | Lair:1   | Entered Level 1 of the Lair of Beasts
  5747 | Lair:1   | Reached skill level 5 in Invocations
  5936 | Lair:1   | Reached skill level 6 in Invocations
  5939 | Lair:1   | HP: 13/90 [crocodile (17)]
  6025 | Lair:1   | HP: 22/90 [hippogriff (7)]
  6100 | Lair:1   | Reached skill level 8 in Spellcasting
  6100 | Lair:1   | Reached skill level 7 in Invocations
  6112 | Lair:1   | Found a frozen archway.
  6148 | IceCv    | Entered an ice cave
  6194 | IceCv    | HP: 21/90 [ice devil (9)]
  6241 | IceCv    | Reached skill level 8 in Invocations
  6328 | IceCv    | HP: 13/90 [ice statue/bolt of cold (10)]
  6346 | IceCv    | Reached XP level 12. HP: 49/97 MP: 22/22
  6597 | IceCv    | Reached skill level 9 in Invocations
  6646 | IceCv    | Got a smelly chain mail
  6649 | IceCv    | Identified the +5 chain mail "Ujoel" {rElec rC+ Slay-4}
                  | (You found it in an ice cave)
  6759 | IceCv    | Reached skill level 9 in Spellcasting
  7015 | Lair:2   | Reached skill level 10 in Invocations
  7222 | Lair:2   | Reached skill level 12 in Earth Magic
  7252 | Lair:2   | Reached ****** piety under Makhleb
  7252 | Lair:2   | Reached skill level 1 in Evocations
  7281 | Lair:2   | Reached skill level 2 in Evocations
  7423 | Lair:3   | Reached skill level 11 in Invocations
  7423 | Lair:3   | Reached skill level 3 in Evocations
  7531 | Lair:3   | Reached skill level 4 in Evocations
  7588 | Lair:3   | Found a staircase to the Shoals.
  7634 | Lair:3   | Found a staircase to the Snake Pit.
  7651 | Lair:3   | HP: 20/97 [yak (9)]
  7659 | Lair:3   | Reached skill level 5 in Evocations
  7715 | Lair:3   | Noticed a death yak
  7783 | Lair:3   | Identified the +5 chain mail of Famotze {Str+4 Dex+4
                  | Stlth-} (You found it on level 3 of the Lair of Beasts)
  7847 | Lair:3   | Noticed a death yak
  7847 | Lair:3   | Noticed a death yak
  7847 | Lair:3   | Noticed a death yak
  7900 | Lair:4   | Noticed a six-headed hydra
  7919 | Lair:4   | Killed a six-headed hydra
  7919 | Lair:4   | Reached skill level 13 in Earth Magic
  7919 | Lair:4   | Reached XP level 13. HP: 103/103 MP: 23/24
  7987 | Lair:4   | Noticed Snorg
  8011 | Lair:4   | Killed Snorg
  8066 | Lair:4   | Reached skill level 12 in Invocations
  8066 | Lair:4   | Reached skill level 6 in Evocations
  8291 | Lair:4   | Reached skill level 7 in Evocations
  8436 | Lair:5   | Identified a scroll of acquirement
  8464 | Lair:5   | Reached skill level 14 in Earth Magic
  8528 | Lair:5   | Reached skill level 7 in Transmutations
  8537 | Lair:5   | Found a staircase to the Slime Pits.
  8622 | Lair:5   | Found a runed gate.
  8622 | Lair:5   | Found a runed gate.
  8622 | Lair:5   | Found a runed gate.
  8951 | Lair:5   | Reached skill level 8 in Transmutations
  8951 | Lair:5   | Reached skill level 15 in Earth Magic
  9030 | Lair:5   | Noticed Xeddua's ghost (journeyman MiBe)
  9079 | Lair:6   | Entered Level 6 of the Lair of Beasts
  9259 | Lair:6   | Irenicus: ?? loudness
  9259 | Lair:6   | beem: modified stealth[1/1]: /3 when confused, +80 shadow
                  | card effect, +50 for every ring/boots of stealth/artefact
                  | +, -50 for every ring of loudness/artefact -, -(2/3 *
                  | ER^2), +50 in water if you are Op or Mf, /2 if you are size<=normal and can't swim, -10/15/20 for hooves 1/2/3, -50 silence.>
                  | ERROR: string above had unterminated tag
  9480 | Lair:6   | Gained mutation: You resist negative energy. (rN+) [Deep
                  | Dwarf growth]
  9480 | Lair:6   | Reached XP level 14. HP: 111/111 MP: 25/25
  9630 | Lair:6   | Reached skill level 9 in Transmutations
  9959 | Lair:6   | Reached skill level 16 in Earth Magic
 10196 | Lair:6   | HP: 24/111 [dire elephant (9)]
 10726 | Snake:1  | Entered Level 1 of the Snake Pit
 10753 | Shoals:1 | Entered Level 1 of the Shoals
 10853 | Shoals:1 | Reached skill level 4 in Fighting
 10919 | Shoals:1 | Reached skill level 1 in Shields
 10959 | Shoals:1 | HP: 22/114 [sea snake (16)]
 10964 | Shoals:1 | HP: 18/114 [merfolk/trident (12)]
 10975 | Shoals:1 | HP: 28/114 [sea snake (10)]
 10981 | Shoals:1 | HP: 28/114 [merfolk impaler/trident of venom (6)]
 10987 | Shoals:1 | HP: 27/114 [merfolk impaler/trident of venom (8)]
 11002 | Shoals:1 | Reached skill level 8 in Dodging
 11002 | Shoals:1 | Reached skill level 2 in Shields
 11039 | Shoals:1 | HP: 21/114 [merfolk/trident (12)]
 11044 | Shoals:1 | Reached skill level 3 in Shields
 11048 | Shoals:1 | Reached skill level 10 in Transmutations
 11088 | Shoals:1 | Noticed a kraken
 11132 | Shoals:1 | HP: 27/114 [harpy (4)]
 11133 | Shoals:1 | HP: 13/114 [harpy (4)]
 11139 | Shoals:1 | Reached skill level 4 in Shields
 11181 | Shoals:2 | HP: 28/114 [harpy (12)]
 11181 | Shoals:2 | HP: 13/114 [harpy (3)]
 11187 | Shoals:2 | HP: 21/171 [harpy (3)]
 11193 | Shoals:2 | HP: 17/171 [harpy (2)]
 11194 | Shoals:2 | Reached skill level 5 in Shields
 11246 | Shoals:2 | HP: 8/114 [faun/hunting sling (14)]
 11339 | Shoals:2 | HP: 8/114 [merfolk aquamancer/torrent of water (35)]
 11356 | Shoals:2 | Reached skill level 9 in Dodging
 11373 | Shoals:2 | Irenicus: ?? rapier
 11373 | Shoals:2 | beem: rapier[1/1]: (short blades; +4 acc / 8 dam / 1.2 base
                  | delay / 0.5 min delay). A slender, sharply pointed sword,
                  | with an uncommonly elegant design. Doesn't chop hydra
                  | heads.
 11496 | Shoals:2 | Noticed Polyphemus
 11498 | Shoals:2 | HP: 14/114 [Polyphemus/large rock (31)]
 11507 | Shoals:2 | HP: 12/114 [water elemental[the player character] (11)]
 11521 | Shoals:2 | HP: 24/114 [merfolk siren/trident (6)]
 11526 | Shoals:2 | HP: 29/171 [death yak[Polyphemus] (5)]
 11535 | Shoals:2 | HP: 42/171 [death yak[Polyphemus] (2)]
 11540 | Shoals:2 | HP: 28/171 [death yak[Polyphemus] (2)]
 11546 | Shoals:2 | HP: 39/171 [death yak[Polyphemus] (11)]
 11547 | Shoals:2 | HP: 15/171 [death yak[Polyphemus] (5)]
 11552 | Shoals:2 | HP: 11/171 [death yak[Polyphemus] (14)]
 11552 | Shoals:2 | Mangled by Polyphemus

Vault maps used:
D:1:      dpeg_arrival_shrine
D:3:      first_ration, chequers_ecumenical_altar_twisty, minmay_box_of_dots
D:4:      minmay_temple_entry_hall, chequers_ossuary_entry_cave,
          nicolae_qazlal_general_emergency
D:5:      nicolae_tso_carved_into_rock, uniq_prince_ribbit1
D:6:      elyvilon_altar_4
D:7:      nicolae_ru_path_of_blood, feat_on_display, uniq_harold, uniq_joseph
D:8:      minmay_cornered_nines, david_lair_shrubbed, uniq_pikel
D:9:      david_orc_2, special_room
D:10:     hangedman_stone_soup, grunt_ministairs_6
D:11:     dragon1_lemuel, uniq_urug
Temple:   minmay_crystal_snake_temple
Lair:1:   portal_ice_cave_rime, small_statue_intersection, serial_bayou_shore_b,
          infiniplex_staircase_pool
Lair:2:   lemuel_fruit_tree
Lair:3:   minmay_shoals_entry_centaurs, minmay_snake_entry_guardpost_small,
          grunt_megastairs_5
Lair:4:   grunt_megastairs_3, uniq_snorg
Lair:5:   minmay_slime_entry_oklob_enclosed, gammafunk_ghost_icy,
          minmay_lair_oklob_chamber, serial_bayou_shore_b
Lair:6:   due_jungle_book, minivault_25
Shoals:2: cheibrodos_shoals_gigantism, nicolae_shoals_aquamancer_cove,
          uniq_polyphemus
Snake:1:  uniq_nikola, uniq_louise, uniq_asterion, uniq_josephine
Ossuary:  ossuary_zaba_flooded
IceCv:    ice_cave_tombish

Skill      XL: |  1  2  3  4  5  6  7  8  9 10 11 12 13 14 |
---------------+-------------------------------------------+-----
Earth Magic    | 5 6 7 8 9 10 11 13 15 16 | 16.1
Spellcasting   | 2 3 6 8 9 |  9.0
Conjurations   | 1 4 |  4.2
Transmutations | 2 6 8 10 | 10.3
Translocations | 2 4 |  4.1
Stealth        | 4 9 |  9.0
Fighting       | 3 4 |  4.0
Dodging        | 6 7 9 |  9.5
Short Blades   | 2 |  2.4
Invocations    | 8 11 12 | 12.0
Evocations     | 5 7 |  7.5
Shields        | 5 |  5.7

Action                   |  1- 3 |  4- 6 |  7- 9 | 10-12 | 13-15 || total
-------------------------+-------+-------+-------+-------+-------++-------
Melee: Club              |    11 |       |       |       |       ||    11
       Short sword       |    64 |    21 |       |       |       ||    85
       Dagger            |       |    24 |    33 |   179 |   196 ||   432
       Scimitar          |       |       |     9 |       |     4 ||    13
       Staff             |       |       |       |       |     1 ||     1
       Rapier            |       |       |       |       |     5 ||     5
Throw: Tomahawk          |     3 |     5 |       |       |       ||     8
       Stone             |       |       |     2 |       |       ||     2
       Throwing net      |       |       |     2 |       |       ||     2
 Cast: Sandblast         |    27 |    67 |    38 |    87 |    97 ||   316
       Passwall          |     2 |     6 |    21 |    19 |     6 ||    54
       Stone Arrow       |       |    17 |    85 |   119 |    80 ||   301
       Lee's Rapid Decon |       |       |    18 |    92 |    48 ||   158
       Petrify           |       |       |    14 |   109 |   124 ||   247
       Blink             |       |       |       |    26 |    30 ||    56
Invok: Minor Destruction |       |       |       |     9 |     3 ||    12
       Greater Servant o |       |       |       |       |     3 ||     3
       Lesser Servant of |       |       |       |       |     1 ||     1
 Abil: Heal Wounds       |       |       |     5 |     3 |     9 ||    17
Evoke: Wand              |       |       |       |    11 |     9 ||    20
       Fan of gales      |       |       |       |       |     1 ||     1
       Phial of floods   |       |       |       |       |     1 ||     1
       Phantom mirror    |       |       |       |       |     1 ||     1
  Use: Scroll            |     1 |     8 |     6 |    10 |    15 ||    40
       Potion            |     1 |     4 |     7 |     2 |     4 ||    18
 Stab: Sleeping          |       |     3 |     3 |    12 |     9 ||    27
       Petrified         |       |       |    18 |   126 |   167 ||   311
       Petrifying        |       |       |       |     3 |     2 ||     5
       Distracted        |       |       |       |     1 |       ||     1
       Paralysed         |       |       |       |     2 |       ||     2
  Eat: Chunk             |       |     5 |     5 |    28 |    26 ||    64
       Ration            |       |       |     5 |     6 |     1 ||    12
Armor: Storm dragon scal |    19 |       |       |       |       ||    19
       Robe              |     8 |       |       |       |       ||     8
       Leather armour    |    15 |    14 |    10 |    28 |       ||    67
       Troll leather arm |       |       |       |       |    48 ||    48
       Skin              |       |       |       |       |    56 ||    56
Dodge: Dodged            |    63 |    62 |    48 |   176 |   230 ||   579
Block: Buckler           |       |       |       |       |    10 ||    10
       Rpst.: Scimitar   |       |       |     7 |       |       ||     7

Table legend:
 A = Non-vault XP
 B = Vault XP
 C = Vault XP percentage of total XP
 D = Non-vault monster count
 E = Vault monster count
 F = Vault count percentage of total count
                 A         B        C        D         E       F
            +---------+---------+-------+---------+---------+-------
      Total |   67698 |   29052 |  30.0 |     376 |     165 |  30.5
            +---------+---------+-------+---------+---------+-------
        D:1 |      39 |       0 |   0.0 |      22 |       0 |   0.0
        D:2 |     108 |       0 |   0.0 |      26 |       0 |   0.0
        D:3 |      70 |      13 |  15.7 |      17 |       1 |   5.6
        D:4 |     198 |       0 |   0.0 |       6 |       0 |   0.0
        D:5 |     254 |     274 |  51.9 |      12 |       1 |   7.7
        D:6 |     501 |       0 |   0.0 |       9 |       0 |   0.0
        D:7 |     909 |     439 |  32.6 |      21 |       1 |   4.5
        D:8 |    1668 |    1502 |  47.4 |      14 |       5 |  26.3
        D:9 |    3826 |     393 |   9.3 |      35 |      32 |  47.8
       D:10 |    2805 |    1573 |  35.9 |      36 |      30 |  45.5
       D:11 |    1117 |       0 |   0.0 |       2 |       0 |   0.0
     Lair:1 |    3573 |     792 |  18.1 |      18 |       2 |  10.0
     Lair:2 |    6246 |       0 |   0.0 |      27 |       0 |   0.0
     Lair:3 |    3604 |    4947 |  57.9 |      16 |      12 |  42.9
     Lair:4 |    6986 |    1551 |  18.2 |      23 |       4 |  14.8
     Lair:5 |    7266 |    4133 |  36.3 |      22 |       8 |  26.7
     Lair:6 |   11428 |    2882 |  20.1 |      38 |       5 |  11.6
   Shoals:1 |   10558 |       0 |   0.0 |      20 |       0 |   0.0
   Shoals:2 |    6542 |    4464 |  40.6 |      12 |       7 |  36.8
    Ossuary |       0 |     800 | 100.0 |       0 |      34 | 100.0
      IceCv |       0 |    5289 | 100.0 |       0 |      23 | 100.0
            +---------+---------+-------+---------+---------+-------

Vault maps used:
D:1:      dpeg_arrival_shrine
D:3:      first_ration, chequers_ecumenical_altar_twisty, minmay_box_of_dots
D:4:      minmay_temple_entry_hall, chequers_ossuary_entry_cave,
          nicolae_qazlal_general_emergency
D:5:      nicolae_tso_carved_into_rock, uniq_prince_ribbit1
D:6:      elyvilon_altar_4
D:7:      nicolae_ru_path_of_blood, feat_on_display, uniq_harold, uniq_joseph
D:8:      minmay_cornered_nines, david_lair_shrubbed, uniq_pikel
D:9:      david_orc_2, special_room
D:10:     hangedman_stone_soup, grunt_ministairs_6
D:11:     dragon1_lemuel, uniq_urug
Temple:   minmay_crystal_snake_temple
Lair:1:   portal_ice_cave_rime, small_statue_intersection, serial_bayou_shore_b,
          infiniplex_staircase_pool
Lair:2:   lemuel_fruit_tree
Lair:3:   minmay_shoals_entry_centaurs, minmay_snake_entry_guardpost_small,
          grunt_megastairs_5
Lair:4:   grunt_megastairs_3, uniq_snorg
Lair:5:   minmay_slime_entry_oklob_enclosed, gammafunk_ghost_icy,
          minmay_lair_oklob_chamber, serial_bayou_shore_b
Lair:6:   due_jungle_book, minivault_25
Shoals:2: cheibrodos_shoals_gigantism, nicolae_shoals_aquamancer_cove,
          uniq_polyphemus
Snake:1:  uniq_nikola, uniq_louise, uniq_asterion, uniq_josephine
Ossuary:  ossuary_zaba_flooded
IceCv:    ice_cave_tombish

Table legend:
 A = Turns spent in this place as a percentage of turns spent in the entire game.
 B = Non-inter-level travel turns spent in this place as a percentage of non-inter-level travel turns spent in the entire game.
 C = Inter-level travel turns spent in this place as a percentage of turns spent in this place.
 D = Turns resting spent in this place as a percentage of non-inter-level travel turns spent in this place.
 E = Turns spent auto-exploring this place as a percentage of non-inter-level travel turns spent in this place.
 F = Non-inter-level travel turns spent in this place divided by the number of levels of this place that you've seen.
                   A       B       C       D       E      F
               +-------+-------+-------+-------+-------+----------------------
         Total | 100.0 | 100.0 |   0.0 |   0.0 |   0.0 | 502.1
       Dungeon |  45.5 |  45.5 |   0.0 |   0.0 |   0.0 | 477.7
        Temple |   0.8 |   0.8 |   0.0 |   0.0 |   0.0 |  98.0
          Lair |  38.4 |  38.4 |   0.0 |   0.0 |   0.0 | 738.5
        Shoals |   6.9 |   6.9 |   0.3 |   0.0 |   0.0 | 398.5
     Snake Pit |   0.0 |   0.0 |   0.0 |   0.0 |   0.0 |   3.0
       Ossuary |   2.9 |   2.9 |   0.0 |   0.0 |   0.0 | 339.0
      Ice Cave |   5.4 |   5.4 |   0.0 |   0.0 |   0.0 | 625.0
               +-------+-------+-------+-------+-------+----------------------

Table legend:
 A = Kills in this place as a percentage of kills in entire the game.
 B = Kills by you in this place as a percentage of kills by you in the entire game.
 C = Kills by friends in this place as a percentage of kills by friends in the entire game.
 D = Other kills in this place as a percentage of other kills in the entire game.
 E = Experience gained in this place as a percentage of experience gained in the entire game.
 F = Experience gained in this place divided by the number of levels of this place that you have seen.
                   A       B       C       D       E      F
               +-------+-------+-------+-------+-------+----------------------
         Total | 100.0 | 100.0 | 100.0 |   N/A | 100.0 | 4206.5
       Dungeon |  49.9 |  50.5 |   0.0 |   N/A |  16.2 | 1426.3
          Lair |  32.3 |  32.7 |   0.0 |   N/A |  55.2 | 8901.3
        Shoals |   7.2 |   6.2 | 100.0 |   N/A |  22.3 | 10782.0
       Ossuary |   6.3 |   6.4 |   0.0 |   N/A |   0.8 | 800.0
      Ice Cave |   4.3 |   4.3 |   0.0 |   N/A |   5.5 | 5289.0
               +-------+-------+-------+-------+-------+----------------------
